[Event "*** Titled Tuesday Blitz"]
[Site "Chess.com"]
[Date "2020.04.21"]
[Round "5"]
[White "eldur16"]
[Black "inegrepus"]
[Result "1-0"]
[WhiteElo "2518"]
[BlackElo "2262"]
[TimeControl "180+1"]
[EndTime "10:57:38 PDT"]
[Termination "eldur16 won by checkmate"]

1. c4 Nf6 2. Nc3 g6 3. e4 d6 4. d4 Bg7 5. Nf3 O-O 6. Be2 e5 7. O-O Nc6 8. d5 Ne7 9. Nd2 c5 10. Rb1 Ne8 11. a3 f5 12. b4 b6 13. Nb3 Nf6 14. f3 f4 15. bxc5 bxc5 16. Bd2 g5 17. Nb5 Ng6 18. Ba5 Qe7 19. Nc7 Rb8 20. Qc2 g4 21. Ne6 Bxe6 22. dxe6 g3 23. h3 Qxe6 24.
Nd2 Ne7 25. Bc7 Rxb1 26. Rxb1 Nc6 27. Bd1 Nd4 28. Qa4 Ne8 29. Qxa7 Nxc7 30. Qxc7 Rf7 31.
Qd8+ Bf8 32. Kf1 Rd7 33. Qb8 Kg7 34. Ba4 Rf7 35. Rb7 Rxb7 36. Qxb7+ Kh6 37. Bd7 Qf7 38. a4 Nc2 39. Bc6 Ne3+ 40. Kg1 Qg8 41. a5 Nxc4 42. Bd5 Nxa5 43. Qa6 Qg7 44. Qxa5 Qd7 45. Nc4 Bg7 46. Qa6 Bf8 47. Nxe5 Qd8 48. Nc4 Qb8 49. Qa1 Qb4 50.
Qf6+ Kh5 51. Bf7# 1-0

[Event "*** Titled Tuesday Blitz"]
[Site "Chess.com"]
[Date "2020.04.21"]
[Round "5"]
[White "Karina_Ivanova"]
[Black "EfM13"]
[Result "1-0"]
[WhiteElo "2233"]
[BlackElo "2320"]
[TimeControl "180+1"]
[EndTime "10:57:38 PDT"]
[Termination "Karina_Ivanova won on time"]

1. Nf3 g6 2. d4 Bg7 3. c4 d6 4. g3 Nd7 5. Bg2 e5 6. Nc3 f5 7. e4 c6 8. O-O Ne7 9. Ng5 Nb6 10. c5 dxc5 11. dxc5 Qxd1 12. Rxd1 Nc4 13. b3 Na5 14. Bb2 h6 15. Nf3 O-O 16. Re1 f4 17.
Nd2 Be6 18. f3 Rad8 19. Rad1 b6 20. cxb6 axb6 21. Bf1 Rd7 22. b4 Nb7 23. Bc4 Bxc4 24. Nxc4 Rxd1 25. Rxd1 Nc8 26. g4 b5 27. Nd2 Rd8 28. Nb3 Rxd1+ 29. Nxd1 Ncd6 30. Bc3 Nc4 31. Nb2 Nxb2 32. Bxb2 Kf7 33. Kf2 Ke6 34. Ke2 Bf8 35. Bc3 Be7 36. Kd3 Bd6 37. Nd2 Kf6 38. Nb3 Kg5 39. Be1 Kf6 40. Bh4+ Ke6 41. Be1 Be7 42.
h3 g5 43. Bc3 Bd6 44. Nd2 c5 45. bxc5 Nxc5+ 46. Kc2 Na4 47. Ba1 Kd7 48. Nb3 Kc6 49. Nc1 Kb6 50. Nd3 Nc5 51. Nxe5 Bxe5 52. Bxe5 Ne6 53.
Kd3 Kc5 54. Bf6 b4 55. Be7+ Kb5 56. e5 Ka4 57. Ke4 1-0

[Event "*** Titled Tuesday Blitz"]
[Site "Chess.com"]
[Date "2020.04.21"]
[Round "5"]
[White "bascheyaro"]
[Black "SaguriGuerra"]
[Result "1-0"]
[WhiteElo "2712"]
[BlackElo "2532"]
[TimeControl "180+1"]
[EndTime "10:57:39 PDT"]
[Termination "bascheyaro won by checkmate"]

1. d4 d6 2. Nf3 Nf6 3. Bg5 Nbd7 4. c4 g6 5. Nc3 Bg7 6. e4 O-O 7. Bd3 c6 8. Qd2 e5 9. h4 h5 10. d5 Qc7 11. dxc6 bxc6 12. Bc2 Nc5 13. O-O Rb8 14. b3 Bg4 15. Rad1 Bxf3 16. gxf3 Rfd8 17. Qe3 Ne6 18. Ne2 Nd7 19. Bxd8 Rxd8 20. b4 a5 21. a3 axb4 22. axb4 Rb8 23. Rb1 Nd4 24. Bd1 c5 25. b5 Nb6 26. Qd3 Qe7 27. Kg2 Qxh4 28. Rh1 Qg5+ 29.
Kf1 Ra8 30. Qc3 Ra2 31. Nc1 Rd2 32. Ke1 Bh6 33. Nb3 Na4 34. Qxd2 Qg2 35. Qxh6 Qxh1+ 36. Kd2 Nxf3+ 37. Ke2 Nd4+ 38. Nxd4 Qxe4+ 39. Qe3 Qxb1 40. Bxa4 cxd4 41. Qd3 Qa2+ 42. Qc2 d3+ 43. Kxd3 e4+ 44. Kxe4 Qa3 45. Qb3 f5+ 46. Kf4 Qc5 47. Kg3 Qe5+ 48. Kg2 Qe4+ 49. Kf1 h4 50. b6 Qb7 51. Bc6 Qxc6 52.
b7 Qh1+ 53. Ke2 Qe4+ 54. Kd1 Qd4+ 55. Kc1 Qxf2 56. b8=Q+ Kh7 57. Qb2 Qe1+ 58. Kc2 Qe2+ 59. Kb3 Qd3+ 60. Kb4 h3 61. Q2h8# 1-0

[Event "*** Titled Tuesday Blitz"]
[Site "Chess.com"]
[Date "2020.04.21"]
[Round "5"]
[White "mortngabriel"]
[Black "AlexTriapishko"]
[Result "0-1"]
[WhiteElo "2449"]
[BlackElo "2744"]
[TimeControl "180+1"]
[EndTime "10:57:39 PDT"]
[Termination "AlexTriapishko won on time"]

1. Nf3 Nf6 2. g3 d5 3. Bg2 c6 4.
O-O Bg4 5. d3 Nbd7 6. c4 Bxf3 7.
Bxf3 Ne5 8. Bg2 dxc4 9. d4 Ned7 10. e4 e6 11. Be3 Be7 12. Qc2 Nb6 13. Nd2 O-O 14.
Nxc4 Ng4 15. Nxb6 axb6 16. a3 Nxe3 17. fxe3 Bg5 18. Qe2 e5 19. Rad1 Qe7 20. d5 Rfd8 21. Qf3 cxd5 22. exd5 Rd6 23. e4 g6 24. h4 Bh6 25. g4 Bf4 26. g5 h6 27. Qg4 hxg5 28.
hxg5 Qxg5 29. Qxg5 Bxg5 30. Rf3 Rc8 31. Rc3 Rxc3 32. bxc3 Be3+ 33. Kf1 Bc5 34. Ke2 f5 35. a4 Kg7 36. Rf1 Rf6 37. Bh3 f4 38. Bg4 Rf8 39. Rh1 Ra8 40. Bd7 g5 41. Kf3 b5 42. Bxb5 Rd8 43.
Kg4 Kg6 44. Rh5 Be7 45. Rh1 Rc8 46. c4 Rc7 47. Rh3 Rc8 48. Rh1 f3 49. Kxf3 Rf8+ 50. Ke3 Bc5+ 51. Kd3 Rf3+ 52. Kc2 g4 53. Bd7 g3 54.
Rh8 Kg7 0-1

[Event "*** Titled Tuesday Blitz"]
[Site "Chess.com"]
[Date "2020.04.21"]
[Round "5"]
[White "talaicito"]
[Black "MoreChessJulia"]
[Result "1/2-1/2"]
[WhiteElo "2275"]
[BlackElo "1772"]
[TimeControl "180+1"]
[EndTime "10:57:39 PDT"]
[Termination "Game drawn - insufficient material"]

1. d4 c5 2. d5 b5 3. g3 d6 4.
Bg2 g6 5. e4 Bg7 6. Ne2 Nd7 7.
O-O Ngf6 8. h3 h5 9. f4 Nf8 10. a4 b4 11. Nd2 Bb7 12. Rb1 e6 13. Nc4 exd5 14. exd5 N8h7 15. f5 O-O 16. Bf4 Ne8 17. fxg6 fxg6 18. Qd3 g5 19. Bd2 Nc7 20. Be4 Nf6 21.
Bxg5 Qe7 22. Nf4 Qxe4 23. Bxf6 Qxd3 24. cxd3 Bxf6 25. Nxd6 Nxd5 26. Nxb7 Bd4+ 27. Kh2 Ne3 28. Rf3 h4 29. Rg1 Nf5 30. gxh4+ Bxg1+ 31. Kxg1 Nxh4 32. Rg3+ Kh7 33. Ne6 Rg8 34. Ng5+ Kh6 35. Nf7+ Kh5 36. Rxg8 Rxg8+ 37. Kf2 Rg2+ 38. Ke3 Rxb2 39.
Nxc5 Rb1 40. d4 b3 41. Kd2 Nf3+ 42. Kc3 Nxd4 43. Kxd4 Rd1+ 44. Kc3 Rc1+ 45. Kxb3 Rxc5 46. Kb4 Rf5 47. Nd6 Rd5 48. Nc8 a5+ 49. Kc4 Rg5 50.
Nd6 Kh4 51. Nb7 Kxh3 52. Nxa5 Rxa5 53. Kb4 Rxa4+ 54. Kxa4 1/2-1/2

[Event "*** Titled Tuesday Blitz"]
[Site "Chess.com"]
[Date "2020.04.21"]
[Round "5"]
[White "HouseOfDurin"]
[Black "cottage_cheese"]
[Result "1-0"]
[WhiteElo "2095"]
[BlackElo "2216"]
[TimeControl "180+1"]
[EndTime "10:57:39 PDT"]
[Termination "HouseOfDurin won on time"]

1. d4 Nf6 2. Bg5 e6 3. e4 h6 4.
Bxf6 Qxf6 5. e5 Qd8 6. f4 b6 7. Be2 d5 8. exd6 Bxd6 9. Bf3 c6 10. Ne2 Qc7 11. g3 Bb7 12. O-O c5 13. Kg2 O-O 14. d5 exd5 15. Bxd5 Bxd5+ 16. Qxd5 Nc6 17. Nbc3 a6 18. a3 Rad8 19. Qf3 Rfe8 20. f5 Nd4 21. Qg4 Nxe2 22. Nxe2 Qc6+ 23. Kh3 Qe4 24. Nf4 Bxf4 25. Rxf4 Qxc2 26. f6 g6 27. Qf3 Rd2 28. Rf1 Rxh2+ 29. Kg4 Kh7 30. Rf2 h5+ 31. Kg5 Re5+ 32. Rf5 Rxf5+ 33.
Qxf5 Qxf5+ 34. Rxf5 gxf5 35. Kxf5 Rxb2 36. Ke5 Rb3 37. Kd6 Rxa3 38. Ke7 Kg6 39. Kd6 c4 40. Kc6 c3 41. Kb7 c2 42. Kc8 c1=Q+ 43. Kb7 Rd3 44. g4 Rd7+ 45. Kxa6 Qc4+ 46. Kxb6 Rd6+ 47. Ka5 Qc5+ 48.
Ka4 1-0

[Event "*** Titled Tuesday Blitz"]
[Site "Chess.com"]
[Date "2020.04.21"]
[Round "5"]
[White "amiralfio"]
[Black "Swarnapuri"]
[Result "1-0"]
[WhiteElo "2533"]
[BlackElo "2697"]
[TimeControl "180+1"]
[EndTime "10:57:40 PDT"]
[Termination "amiralfio won by resignation"]

1. d4 Nc6 2. g3 e5 3. d5 Nce7 4. Bg2 Ng6 5. e4 Bc5 6. Ne2 Nf6 7. Nbc3 a6 8. O-O d6 9. a4 O-O 10. Qd3 h6 11. Be3 Bxe3 12. Qxe3 Ng4 13. Qd3 Qe7 14.
h3 Nf6 15. f4 exf4 16. gxf4 Nh7 17. Rae1 Bd7 18. Ng3 Qh4 19. Nf5 Bxf5 20. exf5 Nxf4 21.
Re4 Nxd3 22. Rxh4 Ne5 23. a5 Nf6 24. Rb4 Rab8 25. Kf2 Rfe8 26. Re1 Kf8 27. Rd4 Ned7 28. b4 Rxe1 29. Kxe1 Re8+ 30. Kd2 Re5 31. Rf4 Nh5 32. Rf2 Ke7 33. Nd1 Ndf6 34. Ne3 Ne4+ 35. Bxe4 Rxe4 36.
c3 Kf6 37. Kd3 Re8 38. Ng4+ Kg5 39. Ne3 Nf4+ 40. Kd2 Re5 41. h4+ Kxh4 42. Rxf4+ Kg3 43. Rg4+ Kf3 44. Rxg7 Rxe3 45. Rxf7 Re2+ 46. Kd3 Re3+ 47. Kc4 Re4+ 48. Kb3 Rf4 49. Rxc7 Rxf5 50. c4 h5 51.
Rxb7 h4 52. Rh7 Kg3 53. b5 axb5 54. cxb5 Rxd5 55. Kc4 Rc5+ 56. Kb4 h3 57. b6 h2 58. b7 Rc1 59. Rxh2 Rb1+ 60. Kc4 Rxb7 61. Rd2 Ra7 62. Kb5 Rd7 63. Kc6 Ra7 64. Kb6 Rd7 65. a6 d5 66.
a7 d4 67. a8=Q Rd6+ 68. Kc5 Rf6 69. Qg8+ Kf4 70. Rxd4+ Ke3 71. Qd5 Rf5 72. Qxf5 Ke2 1-0

[Event "*** Titled Tuesday Blitz"]
[Site "Chess.com"]
[Date "2020.04.21"]
[Round "5"]
[White "Korchmar_Vasiliy"]
[Black "Crazy_girl99"]
[Result "1-0"]
[WhiteElo "2585"]
[BlackElo "2412"]
[TimeControl "180+1"]
[EndTime "10:57:40 PDT"]
[Termination "Korchmar_Vasiliy won by resignation"]

1. d4 Nf6 2. Nf3 d5 3. Bf4 g6 4.
e3 Bg7 5. Nbd2 c6 6. Be2 Bf5 7. O-O O-O 8. c4 h6 9. h3 Nbd7 10.
Qb3 Qb6 11. c5 Qxb3 12. axb3 a6 13. b4 g5 14. Bg3 Ne4 15. Nxe4 Bxe4 16. Nd2 Bg6 17. Nb3 f5 18. Na5 f4 19. Bh2 Rab8 20. Bg4 Bf5 21. Rfe1 Bxg4 22. hxg4 e5 23. Rad1 exd4 24.
exd4 Nf6 25. f3 Rf7 26. Kf1 Nh7 27. Bg1 Nf8 28. Re2 Rc7 29. Rde1 b6 30. cxb6 Rxb6 31.
Rc2 Rxb4 32. Nxc6 Rbb7 33. Ra1 Rb6 34. Rac1 Ne6 35. Bf2 Rcb7 36. b4 Bf8 37. Be1 Bd6 38.
Ke2 Kf7 39. Kd3 Ke8 40. Bd2 Kd7 41. Na5 Rb8 42. Rc6 Rxc6 43. Rxc6 Bxb4 44. Bxb4 Rxb4 45. Rxa6 Ra4 46. Ra7+ Kd6 47. Nb7+ Kc7 48. Rxa4 Kxb7 49. Ra5 Kc7 50. Rxd5 Kc6 51. Ra5 Kd6 52. Ra6+ Ke7 53. Ra7+ Kf6 54. Ra6 Ke7 55. Ke4 Kd7 56. Ke5 Nc7 57.
Rxh6 1-0

[Event "*** Titled Tuesday Blitz"]
[Site "Chess.com"]
[Date "2020.04.21"]
[Round "5"]
[White "PetrolulSah"]
[Black "Rap_woyska"]
[Result "1-0"]
[WhiteElo "2217"]
[BlackElo "2347"]
[TimeControl "180+1"]
[EndTime "10:57:40 PDT"]
[Termination "PetrolulSah won by resignation"]

1. d4 Nf6 2. c4 c5 3. d5 b5 4. Nd2 e6 5. e4 bxc4 6. Bxc4 exd5 7.
exd5 Bd6 8. Qe2+ Qe7 9. Qxe7+ Bxe7 10. Ngf3 O-O 11. O-O d6 12. Re1 Bd8 13. Ne4 Nxe4 14. Rxe4 Nd7 15. Bf4 Bc7 16. Rae1 Nb6 17. Nd2 Bd7 18.
Re7 Rfe8 19. Rxe8+ Rxe8 20. Rxe8+ Bxe8 21. b3 Kf8 22.
Ne4 Ke7 23. Nxc5 h6 24. h4 Kd8 25. Na6 Nxc4 26. bxc4 Ba4 27. c5 Ba5 28. Bxd6 Kc8 29.
Nb8 Bc7 30. Nc6 Bxd6 31. cxd6 Kd7 32. Nxa7 Kxd6 33. Nc8+ Kc5 34. Ne7 Bd7 35. f4 Kd6 36. Nc6 Kxd5 37. Ne5 Be6 38. g3 Ke4 39. a4 f6 40. Nc6 Bd5 41. Ne7 Bb7 42. Kf2 Kd4 43.
Nf5+ Kc4 44. Nxg7 Kb4 45. Ne8 f5 46. Nd6 Bd5 47. Nxf5 h5 48. Ng7 Bf7 49. Kf3 Kxa4 50. Ke4 Ka5 51. Kf5 Kb6 52. Kg5 Kc5 53. Nxh5 Kd4 54. Nf6 Ke3 55. h5 Kf3 56. g4 1-0

[Event "*** Titled Tuesday Blitz"]
[Site "Chess.com"]
[Date "2020.04.21"]
[Round "5"]
[White "ARMQUEEN"]
[Black "ReyesBraulio"]
[Result "0-1"]
[WhiteElo "2319"]
[BlackElo "2149"]
[TimeControl "180+1"]
[EndTime "10:57:40 PDT"]
[Termination "ReyesBraulio won by resignation"]

1. e4 d5 2. exd5 Qxd5 3. Nf3 a6 4. d4 Nf6 5. Nc3 Qd6 6. Bc4 b5 7. Bb3 Bb7 8. O-O Nc6 9. Re1 e6 10. d5 Nd8 11. dxe6 Nxe6 12. Qxd6 Bxd6 13. Bxe6 fxe6 14. Rxe6+ Kd7 15. Re1 Bxf3 16. gxf3 Rae8 17. Bg5 Nh5 18. Ne4 h6 19. Nxd6 cxd6 20. Be3 Rhf8 21. Kg2 Nf4+ 22.
Kg3 Ng6 23. Rad1 Kc6 24. b3 Ne5 25. f4 Nd7 26. Rd4 Re6 27. Red1 Rg6+ 28. Kf3 Rf5 29. Ke4 Rh5 30. f5 Rg4+ 31. Bf4 Nf6+ 32. Kf3 Rh3+ 33. Bg3 Rxd4 34. Rxd4 Rh5 35. Rxd6+ Kc5 36. Rxa6 Rxf5+ 37. Ke3 Kb4 38. a3+ Kc3 39. Rc6+ Kb2 40. a4 bxa4 41. bxa4 Ra5 42. Rc7 Nd5+ 43. Kd4 Nxc7 44.
Bxc7 Rxa4+ 45. c4 Kb3 46. Be5 Rxc4+ 47. Ke3 g6 48. Bg7 Rh4 49. Be5 Kc4 50. Kf3 Kd5 51. Bf4 Ke6 52. Bg3 Rh5 53. Kg4 Rb5 54. f4 Rb4 55. Kf3 Kf5 56. Ke3 Rb3+ 57. Kf2 Kg4 58. Ke2 Rxg3 59. hxg3 Kxg3 60. Ke3 h5 61. Ke4 h4 62.
Ke5 h3 63. Kf6 Kxf4 64. Kxg6 h2 65. Kg7 0-1

[Event "*** Titled Tuesday Blitz"]
[Site "Chess.com"]
[Date "2020.04.21"]
[Round "5"]
[White "manuellarrea"]
[Black "WonderChampion"]
[Result "0-1"]
[WhiteElo "2122"]
[BlackElo "1797"]
[TimeControl "180+1"]
[EndTime "10:57:40 PDT"]
[Termination "WonderChampion won on time"]

1. e4 c5 2. Nf3 g6 3. c3 Nf6 4.
e5 Nd5 5. d4 cxd4 6. cxd4 Bg7 7.
Nc3 Nxc3 8. bxc3 O-O 9. Bc4 Nc6 10. O-O d6 11. exd6 Qxd6 12. Re1 Bf5 13. a4 Qd8 14. Ba3 Re8 15. Bb5 a6 16. Bxc6 bxc6 17.
Ne5 Qc7 18. Bc5 Be6 19. a5 Rab8 20. Bb6 Qb7 21. Qe2 Rec8 22. h4 h5 23. Nxg6 fxg6 24.
Qxe6+ Kh7 25. Qxe7 Qxe7 26. Rxe7 Rf8 27. Rae1 Rf6 28.
Rd7 Kh8 29. Ree7 Rg8 30. d5 cxd5 31. Bd4 Rf5 32. Bxg7+ Rxg7 33. Rxg7 Re5 34. Ra7 Re8 35. Rxg6 d4 36. cxd4 Rd8 37. Rb6 Kg8 38. d5 Kf8 39. d6 Kg8 40. Rbb7 Kf8 41. Rf7+ Kg8 42. Rfd7 Re8 43.
Re7 Rd8 44. Rec7 Kf8 45. g3 Kg8 46. Kg2 Kf8 47. Kf3 Kg8 48. d7 Kf8 49. Rc8 Ke7 50.
Rxd8 Kxd8 51. g4 hxg4+ 52. Kxg4 Ke7 53. h5 Kd8 54. h6 Ke7 55. h7 Ke6 56. h8=Q Kd5 57.
Qg8+ Kc5 58. d8=Q Kb4 59. Qdd5 Kc3 60. Qc4+ Kd2 0-1

[Event "*** Titled Tuesday Blitz"]
[Site "Chess.com"]
[Date "2020.04.21"]
[Round "5"]
[White "InitiatingASC"]
[Black "manitodeplomo"]
[Result "0-1"]
[WhiteElo "2443"]
[BlackElo "2612"]
[TimeControl "180+1"]
[EndTime "10:57:41 PDT"]
[Termination "manitodeplomo won by resignation"]

1. d4 c5 2. c3 Nf6 3. Nf3 b6 4. Bf4 Bb7 5. e3 d6 6. Nbd2 Nbd7 7. Be2 a6 8. h3 g6 9. O-O Bg7 10. Bh2 O-O 11. Re1 Qc7 12. a4 Rfe8 13. Qb3 Bd5 14. Bc4 Qc6 15. Bxd5 Qxd5 16. Qxd5 Nxd5 17. e4 Nc7 18.
Nc4 b5 19. axb5 axb5 20. Ne3 cxd4 21. Nxd4 b4 22. Rec1 bxc3 23. bxc3 Nc5 24. f3 Bh6 25. Ndc2 Nb5 26. Kf1 Nxc3 27. Bg1 Nb3 28. Rxa8 Rxa8 29. Re1 Ra2 30. g3 Nd2+ 31. Kg2 Nc4 32. Kh1 Nxe3 33. Bxe3 Rxc2 34. Bxh6 f6 35. Be3 Kf7 36. Rc1 Rxc1+ 37. Bxc1 f5 38. exf5 gxf5 39. Be3 e5 40. Kg2 Ke6 41.
Ba7 d5 42. Kf2 Nb5 43. Bc5 d4 44. g4 e4 45. gxf5+ Kxf5 46. fxe4+ Kxe4 47. h4 h5 48. Kg3 Nc3 49. Bb4 Nd5 50. Bd2 Ne3 51. Kf2 Nf5 52. Bg5 Ne3 53. Bxe3 dxe3+ 54. Ke2 Kf4 55. Ke1 Kf3 56. Kf1 Kg3 57. Ke2 Kxh4 58. Kxe3 Kg3 59.
Ke2 Kg2 60. Ke3 h4 0-1

[Event "*** Titled Tuesday Blitz"]
[Site "Chess.com"]
[Date "2020.04.21"]
[Round "5"]
[White "scaryninja"]
[Black "kleinebeer98"]
[Result "0-1"]
[WhiteElo "2511"]
[BlackElo "2703"]
[TimeControl "180+1"]
[EndTime "10:57:42 PDT"]
[Termination "kleinebeer98 won by resignation"]

1. d4 d5 2. c4 Nc6 3. cxd5 Qxd5 4. Nf3 e5 5. Nc3 Bb4 6. e3 exd4 7. exd4 Bg4 8. Be2 Bxf3 9. Bxf3 Qc4 10. Bxc6+ Qxc6 11. O-O Ne7 12. Qb3 Bd6 13. Be3 O-O 14. Rac1 a6 15. Rfd1 Rfe8 16. Qc2 Nd5 17. Nxd5 Qxd5 18. Qc4 Qh5 19.
h3 Re6 20. d5 Rg6 21. Qe4 Qxh3 22. Kf1 Qh1+ 23. Ke2 Qxg2 24. Qxg2 Rxg2 25. Kf3 Rg6 26.
Bc5 Rf6+ 27. Kg2 Bf4 28. Be3 Be5 29. Bd4 Rg6+ 30. Kf3 Bd6 31. Bc5 Rd8 32. Bxd6 Rgxd6 33. Rxc7 g6 34. Rxb7 Rxd5 35. Rxd5 Rxd5 36. Rb6 Rd2 37. Ke3 Rc2 38. a4 a5 39. b3 h5 40. Rb5 Kg7 41. Kf3 Rc3+ 42. Kf4 f6 43. f3 Kh6 44. Kg3 g5 45.
Rb6 Kg6 46. Rb5 h4+ 47. Kg2 Rc2+ 48. Kh3 Rf2 49. Rxa5 Rxf3+ 50. Kg2 Rxb3 51. Rb5 Ra3 52. a5 f5 53. Rb6+ Kh5 54. a6 Kg4 55. Rb5 0-1

[Event "*** Titled Tuesday Blitz"]
[Site "Chess.com"]
[Date "2020.04.21"]
[Round "5"]
[White "Vesper2018"]
[Black "SirMittensofMittensville"]
[Result "0-1"]
[WhiteElo "1986"]
[BlackElo "2666"]
[TimeControl "180+1"]
[EndTime "10:57:42 PDT"]
[Termination "SirMittensofMittensville won on time"]

1. e4 e5 2. Nf3 Nc6 3. Bc4 Nf6 4. d3 Bc5 5. Bg5 O-O 6. Nc3 a6 7. Nd5 Be7 8. Bxf6 Bxf6 9. a4 d6 10. O-O Bg4 11. c3 g6 12. h3 Bxf3 13. Qxf3 Bg7 14. Qe2 Kh8 15. f4 f5 16. exf5 gxf5 17. Rf2 Ne7 18. Ne3 d5 19. Ba2 e4 20. dxe4 dxe4 21.
Nc4 Ng6 22. g3 Qe7 23. a5 Rad8 24. Rff1 Rd3 25. Kh2 Rfd8 26. Rad1 Qd7 27. Rxd3 Qxd3 28. Qxd3 Rxd3 29. Bb1 Rd8 30. Kg2 Kg8 31. Kf2 Kf7 32. Ke2 Ke7 33. Ne3 Kf6 34. g4 Nh4 35. Rg1 Nf3 36.
Rd1 Rxd1 37. Kxd1 Bh6 38. g5+ Bxg5 39. fxg5+ Kxg5 40. Ke2 Ng1+ 41. Kf1 Nxh3 42. Nd5 c6 43. Nc7 Kf4 44. Ne6+ Ke3 45. Nc5 Ng5 46. Nxb7 h5 47. Nc5 h4 48. Nxa6 h3 49. Kg1 f4 50. Nb4 f3 51. a6 f2+ 52. Kf1 h2 53. Nc2+ Kf4 0-1

[Event "*** Titled Tuesday Blitz"]
[Site "Chess.com"]
[Date "2020.04.21"]
[Round "5"]
[White "pomeraniandog"]
[Black "Larina_Marija"]
[Result "1-0"]
[WhiteElo "1839"]
[BlackElo "2261"]
[TimeControl "180+1"]
[EndTime "10:57:42 PDT"]
[Termination "pomeraniandog won by checkmate"]

1. e4 d5 2. exd5 Qxd5 3. Nc3 Qa5 4. d4 Nf6 5. Nf3 Bf5 6. Bc4 e6 7. O-O Nbd7 8. Re1 Be7 9. Nh4 Bg6 10. Nxg6 hxg6 11. Qf3 c6 12. Bf4 g5 13. Bg3 g4 14.
Qe2 Qh5 15. Ne4 Nxe4 16. Qxe4 Nf6 17. Qe2 O-O-O 18. c3 Bd6 19. Bxe6+ Kc7 20. Bxf7 Qxf7 21. Bxd6+ Rxd6 22. Qe7+ Qxe7 23. Rxe7+ Rd7 24. Rae1 Rd8 25. R1e6 Rxe7 26. Rxe7+ Rd7 27. Rxd7+ Kxd7 28. f3 gxf3 29. gxf3 Kd6 30. Kg2 Kd5 31. Kg3 b5 32. Kf4 a5 33.
Kg5 b4 34. cxb4 axb4 35. Kg6 Ne8 36. Kf7 Nd6+ 37. Kxg7 Kxd4 38. Kf6 Ke3 39. h4 c5 40.
h5 c4 41. h6 c3 42. bxc3 bxc3 43. h7 Ne8+ 44. Kf7 Nd6+ 45. Kf6 Ne8+ 46. Kg6 c2 47. h8=Q Kd3 48. Qxe8 c1=Q 49. Qe4+ Kd2 50. Qf4+ Kc2 51.
Qxc1+ Kxc1 52. f4 Kb2 53. f5 Kxa2 54. f6 Kb3 55. f7 Kc4 56. f8=Q Kd5 57. Qe7 Kd4 58. Qe6 Kd3 59. Kf5 Kc3 60. Qd5 Kc2 61.
Qd4 Kb3 62. Qc5 Kb2 63. Qc4 Kb1 64. Qc3 Ka2 65. Qb4 Ka1 66. Ke4 Ka2 67. Kd3 Ka1 68.
Kc2 Ka2 69. Qb2# 1-0

[Event "*** Titled Tuesday Blitz"]
[Site "Chess.com"]
[Date "2020.04.21"]
[Round "5"]
[White "Anton_Demchenko"]
[Black "stanyga"]
[Result "1-0"]
[WhiteElo "2845"]
[BlackElo "2711"]
[TimeControl "180+1"]
[EndTime "10:57:43 PDT"]
[Termination "Anton_Demchenko won on time"]

1. d4 Nf6 2. Nf3 g6 3. Bf4 Bg7 4. c3 O-O 5. Nbd2 d6 6. e4 Nbd7 7. Be2 Nh5 8. Be3 e5 9. O-O Nf4 10. Bxf4 exf4 11. Re1 Re8 12. a4 a5 13. h3 Nf6 14.
Bc4 d5 15. exd5 Rxe1+ 16. Qxe1 Bf5 17. Qd1 Qd7 18. Ne5 Qd6 19. Qb3 b6 20. Re1 g5 21.
Bb5 Rd8 22. Bc6 Nxd5 23. Ndc4 Qe6 24. Bb5 f6 25. Nf3 Qf7 26. Ncd2 Be6 27. Bc4 c6 28.
Qc2 h6 29. Qe4 Re8 30. Bd3 Bd7 31. Qh7+ Kf8 32. Rd1 Qg8 33. Qg6 Qf7 34. Nc4 Qxg6 35. Bxg6 Re2 36. Bd3 Re7 37. Nfd2 Re6 38. Kf1 Re7 39. Nf3 c5 40. dxc5 bxc5 41. Ra1 Nc7 42. Nxa5 Be6 43. Bc4 Bf5 44. Nc6 Rd7 45. a5 Be4 46.
Na7 1-0

[Event "*** Titled Tuesday Blitz"]
[Site "Chess.com"]
[Date "2020.04.21"]
[Round "5"]
[White "Ginger_GM"]
[Black "adiosabu"]
[Result "0-1"]
[WhiteElo "2572"]
[BlackElo "2431"]
[TimeControl "180+1"]
[EndTime "10:57:43 PDT"]
[Termination "adiosabu won on time"]

1. e4 c5 2. Nf3 Nc6 3. b4 cxb4 4. d4 d5 5. exd5 Qxd5 6. c4 bxc3 7. Nxc3 Qa5 8. Bd2 Nf6 9. Bc4 e6 10.
O-O Bb4 11. Qb3 O-O 12. a3 Bxc3 13. Bxc3 Qh5 14. Rfe1 Na5 15. Bxa5 Qxa5 16. Re5 Qc7 17. Rc5 Qd6 18. Re1 b6 19. Rg5 Bb7 20. Qe3 Bxf3 21.
Rxg7+ Kh8 22. Qg5 Qxd4 23. Bd3 Qg4 24. Qxf6 Qxg7 25. Qxf3 Rad8 26. h3 Rd4 27. Re3 Rfd8 28. Kh2 R4d5 29. Be4 Re5 30. Rc3 f5 31. Bc2 Rc5 32. Rd3 Rxd3 33. Qxd3 Qe5+ 34. g3 Qd5 35. Qe2 Qc4 36. Qh5 Qd5 37. Qe8+ Kg7 38. Qe7+ Kg6 39.
Qe8+ Kf6 40. Qf8+ Ke5 41. Qg7+ Kd6 42. Qf8+ Kc7 43. Ba4 Kb7 44. Qg7+ Rc7 45. Qg5 Qf3 46. Qd2 Qxa3 47. Bd1 Qc3 48. Qe2 Qd4 49. Qf3+ Qd5 50. Qe2 Qe4 51. Qd2 Qd5 52. Qe2 e5 53. Bc2 e4 0-1

[Event "*** Titled Tuesday Blitz"]
[Site "Chess.com"]
[Date "2020.04.21"]
[Round "5"]
[White "viktorskliarov"]
[Black "plumalka"]
[Result "1/2-1/2"]
[WhiteElo "2681"]
[BlackElo "2435"]
[TimeControl "180+1"]
[EndTime "10:57:44 PDT"]
[Termination "Game drawn by agreement"]

1. e4 c5 2. Nf3 d6 3. d4 cxd4 4.
Qxd4 Nf6 5. Nc3 Bd7 6. e5 Nc6 7. Qf4 dxe5 8. Nxe5 Nxe5 9. Qxe5 Qb8 10. Qxb8+ Rxb8 11. Bf4 Rc8 12. O-O-O a6 13. Be2 e6 14. Bf3 Bc6 15.
Bxc6+ Rxc6 16. f3 Bb4 17. Ne2 O-O 18. c3 Bc5 19. Rd3 Nd5 20. Bd2 b5 21. Rd1 Rfc8 22. Nf4 Nf6 23. Be1 g5 24. Rd8+ Kg7 25. Nh3 h6 26. Bg3 Nd5 27. Rxc8 Rxc8 28. Be5+ f6 29. Bd4 b4 30. c4 Ne3 31. Bxe3 Bxe3+ 32. Kc2 Rxc4+ 33.
Kb3 Rd4 34. Re1 Bd2 35. Rxe6 a5 36. Nf2 Bf4 37. g3 Be5 38. Ng4 Kf7 39. Ra6 Rd3+ 40. Kc2 Rxf3 41. Nxe5+ fxe5 42. Rxa5 Rf2+ 43. Kb3 Rxh2 44.
Rxe5 Rg2 45. Re3 h5 46. a4 bxa3 47. bxa3 h4 48. gxh4 gxh4 49. Re4 h3 50. Rh4 h2 51.
a4 Ke7 52. a5 Kd7 53. a6 Kc7 54. Rh7+ Kb8 55. a7+ Ka8 56. Kc3 Rg3+ 57. Kd2 Rg2+ 58. Ke3 1/2-1/2

[Event "*** Titled Tuesday Blitz"]
[Site "Chess.com"]
[Date "2020.04.21"]
[Round "5"]
[White "Megagigahiper3345"]
[Black "SlavenPastar"]
[Result "1-0"]
[WhiteElo "2571"]
[BlackElo "2405"]
[TimeControl "180+1"]
[EndTime "10:57:44 PDT"]
[Termination "Megagigahiper3345 won by resignation"]

1. d4 b6 2. e4 Bb7 3. Bd3 Nf6 4. Qe2 e6 5. c3 d5 6. e5 Ng8 7. f4 g6 8. h4 h5 9. Nf3 a5 10. Ng5 Ba6 11. Be3 Ne7 12. Nd2 Nf5 13. Bxa6 Nxa6 14. Bf2 Nh6 15. O-O Qd7 16. a3 a4 17. c4 Be7 18.
Ngf3 Nf5 19. Rfc1 O-O 20. cxd5 Qxd5 21. Qc4 Rfd8 22. Qxd5 Rxd5 23. Rc6 Rad8 24. Ne4 Kg7 25. Nc3 R5d7 26. Nxa4 Nxd4 27. Nxd4 Rxd4 28. Bxd4 Rxd4 29. Nc3 Rxf4 30. g3 Rd4 31. Rd1 Bc5 32. Rxd4 Bxd4+ 33. Kg2 Bxe5 34. b4 Nb8 35. Rc4 c6 36. a4 Bc7 37.
Ne4 f5 38. Nd2 Kf6 39. b5 c5 40. a5 bxa5 41. Rxc5 Bd6 42. Rc8 a4 43. Nc4 a3 44.
Nxd6 a2 45. Rc1 Ke5 46. Nc4+ Kd4 47. Na5 e5 48. Nc6+ Nxc6 49. bxc6 a1=Q 50. Rxa1 1-0

[Event "*** Titled Tuesday Blitz"]
[Site "Chess.com"]
[Date "2020.04.21"]
[Round "5"]
[White "LikeWater"]
[Black "Andreikka"]
[Result "1-0"]
[WhiteElo "2677"]
[BlackElo "2937"]
[TimeControl "180+1"]
[EndTime "10:57:45 PDT"]
[Termination "LikeWater won on time"]

1. e4 e5 2. Nf3 Nc6 3. Bc4 Bc5 4. c3 Nf6 5. d3 d6 6. Bb3 O-O 7. O-O h6 8. h3 a5 9. Nbd2 Be6 10. Re1 Re8 11.
Bc2 d5 12. exd5 Bxd5 13. Ne4 Bf8 14. Ng3 g6 15. Ba4 Rb8 16. Bxc6 Bxc6 17. Nxe5 Bd5 18. d4 b5 19. Bf4 a4 20. Qd2 Kh7 21. Nd3 Rxe1+ 22. Qxe1 Rb6 23. a3 Re6 24. Qd2 g5 25.
Be3 Ne4 26. Nxe4 Bxe4 27. Re1 Qd5 28. f3 Bf5 29. Bf2 Rxe1+ 30. Nxe1 Qa2 31. Be3 Bd6 32.
Kf2 f6 33. g4 Bg6 34. Ng2 Kg7 35. h4 Qb1 36. Qc1 Qa2 37. h5 Bf7 38. Qd2 Bd5 39. Ne1 Bc4 40. Ng2 Qb1 41. Ne1 f5 42. gxf5 Qxf5 43.
d5 Qh3 44. Qd4+ Kf7 45. f4 Qh2+ 46. Ng2 g4 47. Qe4 Qg3+ 48. Kxg3 1-0